 Dungeon Crawl Stone Soup version 0.31-a0-702-gf82c85558f (webtiles) character file.

Game seed: 912461801847766577

1576 IdlyInterested the Cutter (level 8, -14/58 HPs)
             Began as a Demonspawn Monk on Sept 8, 2023.
             Killed from afar by Maggie (23 damage)
             ... with a bolt of fire
             ... on level 6 of the Dungeon.
             The game lasted 00:23:41 (6901 turns).

IdlyInterested the Cutter (Demonspawn Monk)         Turns: 6901, Time: 00:23:42

Health: -14/58     AC:  8    Str: 15    XL:     8   Next: 60%
Magic:  13/13      EV: 13    Int: 16    God:
Gold:   257        SH:  0    Dex: 22    Spells: 14/14 levels left

rFire   . . .        o - +12 spear of the Desert {pain, rElec Str+3 Int+3}
rCold   + . .        (no shield)
rNeg    . . .        b - +0 ring mail
rPois   .            (no helmet)
rElec   +            (no cloak)
rCorr   .            (no gloves)
SInv    .            M - +0 pair of boots
Will    .....        (no amulet)
Stlth   +++          l - ring of protection from cold
HPRegen 0.29/turn    f - +6 ring of dexterity
MPRegen 0.13/turn

%: no passive effects
@: no status effects
A: molten scales 1, demonic magic 1
a: no special abilities


You were on level 6 of the Dungeon.
You visited 1 branch of the dungeon, and saw 6 of its levels.
You also visited: Sewer.

You collected 257 gold pieces.

Inventory:

Hand Weapons
 h - a +1 short sword
 k - a +0 dagger
 o - the +12 spear of the Desert (weapon) {pain, rElec Str+3 Int+3}
   (You found it on level 4 of the Dungeon)

   Str+3:     It affects your strength (+3).
   Int+3:     It affects your intelligence (+3).
   rElec:     It insulates you from electricity.
 C - a +0 dagger of venom
 I - a +2 rapier of electrocution
Missiles
 i - 27 stones (quivered)
 L - 2 boomerangs
Armour
 b - a +0 ring mail (worn)
 c - an orb of light
 d - a +0 robe
 m - an orb of mayhem
 r - a +0 leather armour
 H - a +0 robe
 M - a +0 pair of boots (worn)
 N - a +0 robe
Jewellery
 f - a +6 ring of dexterity (right hand)
 l - a ring of protection from cold (left hand)
 q - a +6 ring of intelligence
Talismans
 v - a serpent talisman
Wands
 D - a wand of iceblast (11)
 G - a wand of acid (6)
 K - a wand of flame (16)
 O - a wand of digging (4)
Scrolls
 j - 4 scrolls of teleportation
 p - a scroll of enchant weapon
 s - 3 scrolls of noise {unknown}
 t - 3 scrolls of blinking {unknown}
 u - 2 scrolls of revelation {unknown}
 w - a scroll of acquirement {unknown}
 y - a scroll of fog {unknown}
 F - 4 scrolls of fear {unknown}
Potions
 a - 4 potions of enlightenment
 e - a potion of attraction
 g - 2 potions of haste
 n - 3 potions of brilliance
 x - a potion of cancellation
 z - a potion of mutation {unknown}
 A - a potion of might {unknown}
 B - a potion of lignification
 J - a potion of degeneration {unknown}


   Skills:
 - Level 3.0 Fighting
 - Level 6.0 Short Blades
 - Level 1.0 Throwing
 - Level 1.0 Armour
 - Level 4.0 Dodging
 * Level 5.3 Stealth
 - Level 3.1 Unarmed Combat
 + Level 3.8 Spellcasting
 - Level 1.0 Evocations
 - Level 1.0 Shapeshifting


You had 14 spell levels left.
You didn't know any spells.
Your spell library contained the following spells:

 Spells                   Type           Power      Damage    Failure   Level
 Wereblood                Tmut           3%         N/A       45%         2
 Irradiate                Conj/Tmut      1%         3d12      100%        5


Dungeon Overview and Level Annotations

Branches:
Dungeon (6/15)              Sewer (visited)
 Temple: D:4-7

Altars:
Ashenzari
Hepliaklqana
Ru
Xom

Shops:
D:5 :

Annotations:
D:6 1 runed translucent door, Maggie; olddryhag's ghost, amateur DsWn


Innate Abilities, Weirdness & Mutations

You are partially covered in molten scales. (AC +2)
Spells you cast may paralyse adjacent enemies.


Message History

The orc barely misses you. Something hits you but does no damage.
The orc wizard misses you.
You closely miss the orc.
The orc is severely wounded.
The orc barely misses you. Something hits you but does no damage.
The orc wizard closely misses you.
You puncture the orc!
You kill the orc!
Something hits you but does no damage. The orc wizard barely misses you.
You hit the orc wizard. Your punch misses the orc wizard.
The orc wizard is moderately wounded.
Something barely misses you.
The orc wizard hits you but does no damage.
You puncture the orc wizard!
You kill the orc wizard!
Something hits you but does no damage.
Items here: )) [[ †.
Found a scroll labelled IZIWIRI FIFF.
Something hits you but does no damage.
Items here: ( ))) [[[ †.
Something hits you.
* * * LOW HITPOINT WARNING * * *
Something hits you but does no damage.
You see here an adder corpse.
A magic dart appears from out of thin air!
The magic dart hits you.
* * * LOW HITPOINT WARNING * * *
Maggie the Vainglorious comes into view.
She is wielding a +1 broad axe of freezing.
You hear some strange, mumbled words.
A puff of flame appears from out of thin air!
The puff of flame misses you.
Maggie shouts!
You puncture something!
You hear some strange, mumbled words.
A puff of flame appears from out of thin air!
The puff of flame hits you.
* * * LOW HITPOINT WARNING * * *
You closely miss something. Something hits you but does no damage.
Maggie casts a spell at you. The bolt of fire hits you!!
You die...

#.#........... ....
.............
...#.............
....#.....@.....
............... #####
#.###.......... #.).#
#..##..........
######...####..##..........
................@{#........
######...########..).......
#...########>)).......
#...##P.#..#####......
######8$+...####.!....
#PW#......#......
#####......#..?...
#..........# .....
#..........# ....


You could see Maggie.

Vanquished Creatures
  Eustachio (D:5)
  An ice beast (D:5)
  2 ogres
  A phantom (D:4)
  A bullfrog (Sewer)
  2 scorpions
  A jelly (D:5)
  3 orc priests
  2 hounds
  A gnoll bouda (D:5)
  Terence (D:2)
  5 iguanas
  4 orc wizards
  10 gnolls
  11 adders
  3 river rats (Sewer)
  2 worms
  29 orcs
  19 ball pythons
  8 endoplasms
  4 giant cockroaches
  7 goblins
  8 hobgoblins
  4 jackals (D:2)
  4 quokkas
  7 bats
  6 frilled lizards
  9 kobolds
  32 rats
188 creatures vanquished.

Vanquished Creatures (collateral kills)
  A bullfrog (Sewer)
  A river rat (Sewer)
  A ball python (Sewer)
  2 frilled lizards (Sewer)
  3 rats (Sewer)
8 creatures vanquished.

Vanquished Creatures (others)
  A ball python (Sewer)
1 creature vanquished.

Grand Total: 197 creatures vanquished

Notes
Turn   | Place    | Note
-------+----------+-------------------------------------------
     0 | D:1      | IdlyInterested the Demonspawn Monk began the quest for the
                  | Orb.
     0 | D:1      | Reached XP level 1. HP: 18/18 MP: 1/1
    80 | D:1      | Found a faded altar of an unknown god.
   198 | D:1      | Reached skill level 1 in Armour
   198 | D:1      | Gained mutation: Spells you cast may paralyse adjacent
                  | enemies. [demonic ancestry]
   198 | D:1      | Reached XP level 2. HP: 3/24 MP: 2/2
   720 | D:1      | Reached skill level 1 in Stealth
   720 | D:1      | Reached XP level 3. HP: 26/29 MP: 3/3
  1050 | D:2      | Noticed Terence
  1263 | D:2      | Reached skill level 1 in Short Blades
  1387 | D:2      | Reached skill level 1 in Throwing
  1408 | D:2      | Gained mutation: You are partially covered in molten
                  | scales. (AC +2) [demonic ancestry]
  1408 | D:2      | Reached XP level 4. HP: 18/35 MP: 4/4
  1422 | D:2      | Reached skill level 1 in Evocations
  1538 | D:2      | Killed Terence
  1539 | D:2      | Reached skill level 2 in Short Blades
  1940 | D:2      | Reached XP level 5. HP: 30/41 MP: 5/5
  1956 | D:2      | Reached skill level 1 in Shapeshifting
  2516 | D:3      | HP: 2/41 [orc priest/nerve-wracking pain (2)]
  2858 | D:3      | Found a sacrificial altar of Ru.
  3091 | D:3      | Reached skill level 1 in Spellcasting
  3102 | D:3      | HP: 1/41 [orc/+0 hand axe (4)]
  3926 | D:4      | Identified the +12 spear of the Desert {pain, rElec Str+3
                  | Int+3}
  3994 | D:4      | Found a glowing drain.
  4014 | Sewer    | Entered a sewer
  4035 | Sewer    | Reached XP level 6. HP: 47/47 MP: 7/7
  4184 | Sewer    | Reached skill level 3 in Short Blades
  4387 | Sewer    | Reached skill level 4 in Short Blades
  4543 | D:4      | Reached XP level 7. HP: 52/52 MP: 8/8
  5304 | D:4      | Found a broken altar of Ashenzari.
  5371 | D:5      | Entered Level 5 of the Dungeon
  5686 | D:5      | Reached skill level 5 in Stealth
  5875 | D:5      | Found a hazy altar of Hepliaklqana.
  6105 | D:5      | Found Zoxeel's Tiny Tomes.
  6109 | D:5      | Noticed Eustachio
  6134 | D:5      | Reached XP level 8. HP: 42/58 MP: 11/11
  6135 | D:5      | Killed Eustachio
  6136 | D:5      | Reached skill level 5 in Short Blades
  6248 | D:5      | Found a shimmering altar of Xom.
  6720 | D:6      | Found a runed translucent door.
  6720 | D:6      | Noticed olddryhag's ghost (amateur DsWn)
  6872 | D:6      | Reached skill level 6 in Short Blades
  6899 | D:6      | Noticed Maggie
  6901 | D:6      | Killed from afar by Maggie

Illustrated notes

Levels and vault maps discovered:
D:1:      eino_arrival_cavern_e, layout_basic,
          shapermc_ecumenical_altar_totnotflames
D:2:      layout_rooms, minmay_domino_4, uniq_terence
D:3:      layout_basic, mainiacjoe_overflow_concentric_impassable
D:4:      layout_basic, overflow_temple_1_default, cheibrodos_sewer_entry_bend,
          nicolae_elevator_lobby_plus
D:5:      layout_basic, amcnicky_altar_gilded, mainiacjoe_overflow_alcove_1,
          chequers_serial_rivers_marsh, st_stairs_9, grunt_ministairs_15,
          nicolae_shop_i_like_small_books_too, uniq_eustachio
D:6:      layout_basic, pdpol_wu_jian_five_deadly_venoms,
          minmay_temple_entry_arrows, gammafunk_ghost_grave,
          hangedman_abyss_or_decor_jellyfish_corner, uniq_maggie, uniq_menkaure

Skill      XL: |  1  2  3  4  5  6  7  8 |
---------------+-------------------------+-----
Armour         | 1 |  1.0
Unarmed Combat | 3 |  3.1
Stealth        | 1 2 3 5 |  5.3
Short Blades   | 1 2 4 6 |  6.0
Throwing       | 1 |  1.0
Evocations     | 1 |  1.0
Shapeshifting  | 1 |  1.0
Spellcasting   | 1 2 3 |  3.8
Dodging        | 3 4 |  4.0
Fighting       | |  3.0

Action                     |  1- 3 |  4- 6 |  7- 9 || total
---------------------------+-------+-------+-------++-------
  Melee: Unarmed           |    24 |     3 |       ||    27
         Short sword       |   181 |   291 |       ||   472
         Punch             |     4 |     7 |     1 ||    12
         Spear             |       |    77 |   138 ||   215
  Throw: Stone             |     5 |    19 |     1 ||    25
    Use: Potion            |     6 |     4 |     1 ||    11
         Scroll            |     1 |     3 |       ||     4
   Stab: Sleeping          |       |     5 |     9 ||    14
         Distracted        |       |       |     1 ||     1
 Armour: Robe              |    51 |       |       ||    51
         Leather armour    |    52 |    24 |       ||    76
         Ring mail         |       |   200 |    85 ||   285
         Skin              |       |     4 |       ||     4
  Dodge: Dodged            |   140 |   247 |    84 ||   471

Table legend: (Time is in decaauts)
 A = Elapsed time spent in this place.
 B = Non-inter-level travel time spent in this place.
 C = Inter-level travel time spent in this place.
 D = Time resting spent in this place.
 E = Time spent auto-exploring this place.
 F = Levels seen in this place.
 G = Mean time per level.
                   A        B        C        D        E       F      G
               +--------+--------+--------+--------+--------+-----+--------+
         Total |   6950 |   6200 |    750 |   1286 |   2677 |   7 |  992.9 |
       Dungeon |   6393 |   5643 |    750 |   1102 |   2614 |   6 | 1065.5 |
         Sewer |    556 |    556 |      0 |    184 |     62 |   1 |  556.0 |
               +--------+--------+--------+--------+--------+-----+--------+

Top non-repeatable levels by time:
     D:3: 1676 daAuts
     D:4: 1312 daAuts
     D:1: 1142 daAuts
     D:2: 1080 daAuts
     D:5: 961 daAuts
   Sewer: 556 daAuts
     D:6: 219 daAuts
